 Dungeon Crawl Stone Soup version 0.28.0-53-g5a82cb258f (webtiles) character file.

Game seed: 11282087398621273383

143 MiltankisOP the Changer (level 5, 0/41 HPs)
             Began as a Draconian Transmuter on June 14, 2022.
             Slain by a phantom (7 damage)
             ... on level 4 of the Dungeon.
             The game lasted 00:03:47 (3133 turns).

MiltankisOP the Changer (Draconian Transmuter)      Turns: 3133, Time: 00:03:48

Health: 0/41       AC:  5    Str: 12    XL:     5   Next: 4%
Magic:  8/8        EV: 12    Int: 15    God:
Gold:   108        SH:  0    Dex: 12    Spells: 7/8 levels left

rFire   . . .      SeeInvis .     - Unarmed
rCold   . . .      Faith    .   (no shield)
rNeg    . . .      Spirit   .   (armour unavailable)
rPois   .          Reflect  .   (helmet currently unavailable)
rElec   .          Harm     .   (no cloak)
rCorr   .          Rampage  .   (no gloves)
Will    .....                   (boots currently unavailable)
Stlth   +.........              (no amulet)
HPRegen 0.13/turn               (no ring)
MPRegen 0.11/turn               (no ring)

@: appendages
A: horns 2, talons 2, AC +5, unfitting armour, cold-blooded
a: End Transformation


You were on level 4 of the Dungeon.
You had temporarily grown beastly horns and talons.
You visited 1 branch of the dungeon, and saw 4 of its levels.

You collected 108 gold pieces.

Inventory:

Scrolls
 a - a scroll of noise {unknown}
 b - a scroll of immolation {unknown}
 f - a scroll of fog {unknown}
 h - 3 scrolls of identify {unknown}
 i - a scroll of amnesia {unknown}
 j - a scroll of enchant armour {unknown}
 k - a scroll of teleportation {unknown}
Potions
 c - a potion of haste
 d - a potion of resistance {unknown}
 e - a potion of berserk rage {unknown}
 g - a potion of might {unknown}
 l - a potion of magic {unknown}


   Skills:
 + Level 1.6 Fighting
 + Level 2.1 Dodging
 - Level 3.0 Unarmed Combat
 - Level 2.0 Spellcasting
 - Level 5.0 Transmutations


You had 7 spell levels left.
You knew the following spells:

 Your Spells              Type           Power      Damage    Failure   Level
a - Beastly Appendage     Tmut           32%        N/A       2%          1

Your spell library contained the following spells:

 Spells                   Type           Power      Damage    Failure   Level
 Wereblood                Tmut           16%        N/A       4%          2
 Spider Form              Tmut/Pois      9%         N/A       24%         3
 Ignite Poison            Fire/Tmut/Pois 6%         N/A       34%         3
 Conjure Flame            Conj/Fire      1%         6-21      54%         3
 Ice Form                 Ice/Tmut       9%         N/A       61%         4
 Sticky Flame             Conj/Fire      1%         2d3       91%         4


Dungeon Overview and Level Annotations

Branches:
Dungeon (4/15)
 Temple: D:4-7

Altars:
Dithmenos


Innate Abilities, Weirdness & Mutations

You have temporarily grown beastly horns and talons.
Your plain brown scales are hard. (AC +5)
You cannot fit into any form of body armour.
You are cold-blooded and may be slowed by cold attacks.


Message History

The phantom is moderately damaged.
The phantom misses you.
You closely miss the orc.
The orc is almost dead.
The phantom hits you!
The phantom blinks!
You blink.
You hit the phantom but do no damage.
You headbutt the phantom, but do no damage.
The phantom is moderately damaged.
The phantom hits you.
The phantom blinks!
You blink.
You hit the phantom but do no damage. You headbutt the phantom.
The phantom is heavily damaged.
The phantom hits you!
* * * LOW HITPOINT WARNING * * *
You closely miss the phantom. Your kick misses the phantom.
Your headbutt misses the phantom.
The phantom is heavily damaged.
The phantom closely misses you.
You completely miss the phantom. Your kick misses the phantom.
You headbutt the phantom.
The phantom is heavily damaged.
The phantom completely misses you.
You completely miss the phantom. You headbutt the phantom.
The phantom is severely damaged.
The phantom hits you.
* * * LOW HITPOINT WARNING * * *
You closely miss the phantom. Your kick misses the phantom.
The phantom is severely damaged.
The phantom hits you.
* * * LOW HITPOINT WARNING * * *
You closely miss the phantom. You claw the phantom, but do no damage.
The phantom is severely damaged.
The phantom completely misses you.
You hit the orc.
You kill the orc!
The phantom closely misses you.
You hit the phantom but do no damage. You claw the phantom.
Your headbutt misses the phantom.
The phantom is severely damaged.
The phantom hits you!
You die...

.#. ... #.#
... #o#
##### #.#
#...#
#§###...###
#§#.....o@#
#<).....W.#
###.......#
###...###
#...# ##.##
#. #.


You could see a phantom and an orc.

Vanquished Creatures
  Crazy Yiuf (D:2)
  An orc wizard (D:4)
  4 adders (D:2)
  3 orcs
  8 ball pythons
  5 bats
  5 endoplasms
  A giant cockroach (D:3)
  5 goblins
  4 hobgoblins
  4 kobolds
  3 quokkas
  4 frilled lizards
  2 rats
50 creatures vanquished.

Notes
Turn   | Place    | Note
-------+----------+-------------------------------------------
     0 | D:1      | MiltankisOP the Draconian Transmuter began the quest for
                  | the Orb.
     0 | D:1      | Reached XP level 1. HP: 16/16 MP: 3/3
     0 | D:1      | Noticed a minotaur skeleton
    18 | D:1      | Noticed a minotaur skeleton
   773 | D:1      | Reached XP level 2. HP: 23/23 MP: 3/5
   865 | D:2      | Reached skill level 3 in Transmutations
  1228 | D:2      | Reached XP level 3. HP: 27/28 MP: 4/6
  1273 | D:2      | Found a shadowy altar of Dithmenos.
  1759 | D:2      | Found a faded altar of an unknown god.
  1785 | D:2      | Reached skill level 4 in Transmutations
  1851 | D:2      | Identified the +2 ring mail of the Thistle {rElec Str+9
                  | Slay-4 SInv}
  1896 | D:2      | Found a runed translucent door.
  1897 | D:2      | Noticed Crazy Yiuf
  2076 | D:2      | Reached XP level 4. HP: 35/35 MP: 5/7
  2198 | D:2      | Killed Crazy Yiuf
  2987 | D:3      | Reached skill level 5 in Transmutations
  3085 | D:3      | Noticed an ogre
  3111 | D:4      | Noticed a phantom
  3118 | D:4      | Reached XP level 5. HP: 34/40 MP: 8/8
  3133 | D:4      | Slain by a phantom

Illustrated notes

Levels and vault maps discovered:
D:1:      shiori_arrival_whats_in_store_for_you, layout_basic, minivault_11
D:2:      layout_rooms, basic_altar, ebering_ecumenical_altar_abandoned,
          uniq_crazy_yiuf_cottage
D:3:      layout_loops_ring
D:4:      layout_loops_ring, mrwooster_statue_mirror, uniq_blork_the_orc

Skill      XL: |  1  2  3  4 |
---------------+-------------+-----
Transmutations | 3 4 5 |  5.0
Dodging        | 2 |  2.1
Fighting       | |  1.6
Unarmed Combat | |  3.0
Spellcasting   | |  2.0

Action                   |  1- 3 |  4- 6 || total
-------------------------+-------+-------++-------
Melee: Unarmed           |    96 |    54 ||   150
       Tailslap          |     6 |     5 ||    11
       Kick              |     8 |    12 ||    20
       Headbutt          |    12 |    14 ||    26
       Punch             |     1 |     1 ||     2
 Cast: Beastly Appendage |    21 |    15 ||    36
 Stab: Sleeping          |     1 |       ||     1
Armor: Skin              |    23 |     4 ||    27
Dodge: Dodged            |    81 |    21 ||   102
